 Dungeon Crawl Stone Soup version 0.18.1-48-g4cf74bf (webtiles) character file.

10064 Mungo the Covert (level 11, 0/86 HPs)
             Began as a Naga Venom Mage on Aug 15, 2016.
             Was a High Priest of Vehumet.
             Slain by a spiny frog (12 damage)
             ... on level 1 of the Lair of Beasts.
             The game lasted 03:05:37 (12515 turns).

Mungo the Covert (Naga Venom Mage)                 Turns: 12515, Time: 03:05:37

Health: 0/86       AC: 15    Str: 19    XL:     11   Next: 56%
Magic:  0/20       EV: 10    Int: 19    God:    Vehumet [*****.]
Gold:   683        SH:  0    Dex: 11    Spells: 8 memorised, 0 levels left

rFire  x . .     SeeInvis +     e - +2 trident (venom)
rCold  . . .     Gourm    .     T - +2 mottled dragon armour of the Fiend {rF- rCorr Str+3 Stlth+}
rNeg   . . .     Faith    .     (no shield)
rPois  +         Spirit   +     (no helmet)
rElec  .         Dismiss  .     A - +0 cloak
rCorr  +         Reflect  .     R - +0 pair of gloves
SustAt .         Harm     .     (no barding)
MR     +....                    p - amulet of guardian spirit
Stlth  +++++++...               Z - ring of flight
                                u - +3 ring of protection

@: mighty, very slow, somewhat resistant to hostile enchantments, extremely
stealthy
A: see invisible, deformed body, poison resistance, slowness 2, slow metabolism
1, spit poison 2, AC +3
a: Spit Poison, Renounce Religion, Evoke Flight


You were on level 1 of the Lair of Beasts.
You worshipped Vehumet.
Vehumet was extremely pleased with you.
You were not hungry.

You visited 3 branches of the dungeon, and saw 12 of its levels.
You also visited: Ossuary.

You collected 683 gold pieces.

Inventory:

Hand Weapons
 e - a +2 trident of venom (weapon)
 m - a +2 dagger of venom
 n - a +3 dagger
 F - a +0 shortbow
 H - a +2 flail of holy wrath
 L - a +0 blowgun
 M - a +0 whip of flaming
 N - the +3 long sword of Blind Justice {slice, rPois Int+3}
   (You found it on level 1 of the Lair of Beasts)

   It inflicts extra damage upon your enemies.
   It affects your intelligence (+3).
   It protects you from poison.
 S - a +2 hand axe of freezing
 X - the +3 rapier "Demon's Bane" {pierce, rN+}
   (You took it off a centaur on level 7 of the Dungeon)

   It inflicts extra damage upon your enemies.
   It protects you from negative energy.
Missiles
 f - 50 poisoned needles
 t - 12 tomahawks of returning (quivered)
 W - 157 arrows
Armour
 A - a +0 cloak (worn)
 I - the +11 scale mail of Sif Muna's Castigation {Str+2 Dex+4}
   (You found it on level 4 of the Dungeon)

   It affects your strength (+2).
   It affects your dexterity (+4).
 R - a +0 pair of gloves (worn)
 T - the +2 mottled dragon armour of the Fiend (worn) {rF- rCorr Str+3 Stlth+}
   (You found it on level 9 of the Dungeon)

   It affects your strength (+3).
   It makes you vulnerable to fire.
   It protects you from acid and corrosion.
   It makes you more stealthy.
Jewellery
 p - an amulet of guardian spirit (around neck)
 u - a +3 ring of protection (left hand)
 D - an uncursed amulet of dismissal {unknown}
 Z - a ring of flight (right hand)
Wands
 o - a wand of slowing (15/48)
 B - a wand of paralysis (20/24)
 G - a wand of enslavement (7/24)
 Q - a wand of lightning (8/15)
 V - a wand of polymorph (13/24)
Scrolls
 a - a scroll of identify
 d - a scroll of fog
 i - a scroll of enchant armour
 l - 3 scrolls of immolation
 q - 2 scrolls of teleportation
 r - 2 scrolls of enchant weapon
 y - 2 scrolls of recharging
 z - a scroll of amnesia {unknown}
 E - a scroll of acquirement {unknown}
Potions
 v - 2 potions of mutation {unknown}
 w - a potion of magic {unknown}
 x - a potion of lignification {unknown}
 C - a potion of flight
 K - a potion of berserk rage {unknown}
 O - a potion of heal wounds {unknown}
 P - 2 potions of agility {unknown}
Books
 b - a Young Poisoner's Handbook

   Spells                             Type                      Level
   a - Sting                          Conjuration/Poison           1
   b - Cure Poison                    Poison                       2
   c - Mephitic Cloud                 Conjuration/Poison/Air       3
   d - Olgreb's Toxic Radiance        Poison                       4
   e - Venom Bolt                     Conjuration/Poison           5
 h - a book of Frost

   Spells                             Type                      Level
   a - Freeze                         Ice                          1
   b - Throw Frost                    Conjuration/Ice              2
   c - Ozocubu's Armour               Charms/Ice                   3
   d - Throw Icicle                   Conjuration/Ice              4
   e - Summon Ice Beast               Ice/Summoning                4
 U - a book of Cantrips

   Spells                             Type                      Level
   a - Corona                         Hexes                        1
   b - Animate Skeleton               Necromancy                   1
   c - Summon Small Mammal            Summoning                    1
   d - Apportation                    Translocation                1
Miscellaneous
 g - a plain deck of defence {drawn: 1}
Comestibles
 c - 5 bread rations
 k - 3 meat rations
 J - a fruit
 Y - 4 chunks of flesh


   Skills:
 - Level 2.0 Fighting
 - Level 4.0 Maces & Flails
 - Level 6.0 Armour
 - Level 4.0 Dodging
 - Level 14.7 Stealth
 - Level 6.0 Spellcasting
 + Level 8.6 Conjurations
 - Level 7.0 Poison Magic


You couldn't memorise any spells.
You knew the following spells:

 Your Spells              Type           Power        Failure   Level  Hunger
a - Sting                 Conj/Pois      ####         1%          1    None
b - Cure Poison           Pois           ####......   1%          2    None
c - Mephitic Cloud        Conj/Pois/Air  ####....     1%          3    ##.....
d - Magic Dart            Conj           ####         1%          1    None
e - Conjure Flame         Conj/Fire      ###.....     2%          3    ##.....
f - Dazzling Spray        Conj/Hex       ###...       2%          3    ##.....
g - Olgreb's Toxic Radia  Pois           ####....     2%          4    ####...
h - Lightning Bolt        Conj/Air       ###.......   30%         5    #####..


Dungeon Overview and Level Annotations

Branches:
Dungeon (10/15)            Temple (1/1) D:4            Lair (1/8) D:10
    Orc (0/2) D:10

Altars:
Ashenzari
Cheibriados
Dithmenos
Gozag
Makhleb
Nemelex Xobeh
Pakellas
Ru
Sif Muna
Trog
Vehumet
Xom
Yredelemnul


Innate Abilities, Weirdness & Mutations

You cannot wear boots.
Your serpentine skin is tough (AC +3).
You have supernaturally acute eyesight.
Armour fits poorly on your strangely shaped body.
Your system is resistant to poisons.
You cover ground very slowly.
You have a slow metabolism.
You can spit poison.


Message History

You are too injured to fight recklessly!
You closely miss the spiny frog.
The spiny frog is moderately wounded.
The spiny frog stings you!
* * * LOW HITPOINT WARNING * * *
The spiny frog completely misses you.
Drink which item? (? for menu, Esc to quit)
You feel very mighty all of a sudden. The spiny frog closely misses you.
You barely miss the spiny frog.
The spiny frog is heavily wounded.
The spiny frog barely misses you. The spiny frog stings you.
* * * LOW HITPOINT WARNING * * *
You barely miss the spiny frog.
The spiny frog is heavily wounded.
The spiny frog stings you.
* * * LOW HITPOINT WARNING * * *
Drink which item? (? for menu, Esc to quit)
You feel better. The spiny frog stings you!
You die...

....## ... .........###
... ...........# ##.#
.....##...#####..# ...#
#......##...#
...###..........##
..#.P...>........###
......###.../..F...#####
.....###.##.....@......#
##....### ##.....#######
##...## #....P# ##...##
##...P# ####.## #....#
##.# #..### ### ####


You could see a spiny frog.

Vanquished Creatures
  Erolcha (D:10)
  2 hill giants
  Joseph (Lair:1)
  2 komodo dragons (Lair:1)
  A hungry ghost (D:9)
  A hippogriff (D:7)
  2 water moccasins (Lair:1)
  4 porcupines (Lair:1)
  3 ice beasts
  12 orc warriors
  A sky beast (D:6)
  A black bear (D:7)
  A necrophage (D:10)
  A phantom (D:4)
  5 ogres
  4 wolves (Lair:1)
  3 centaurs
  A crocodile (D:6)
  An elf zombie (Ossuary)
  15 giant frogs
  4 scorpions
  4 killer bees (D:10)
  4 wights (D:8)
  5 electric eels
  2 giant frog zombies
  A crimson imp (D:6)
  A centaur zombie (Ossuary)
  7 hounds
  20 orc wizards
  13 orc priests
  A gnoll shaman (D:8)
  5 giant frog skeletons
  4 iguanas
  Natasha (D:4)
  7 worker ants
  4 hound skeletons
  2 mummies (Ossuary)
  A worker ant zombie (D:6)
  A howler monkey skeleton (D:5)
  5 gnolls
  16 adders
  4 shadow imps
  3 oozes
  An adder skeleton (D:9)
  3 worms
  A dart slug (D:2)
  4 giant geckos
  60 orcs
  4 giant cockroaches
  9 hobgoblins
  14 jackals
  2 quokkas (D:3)
  A ball python (D:1)
  4 bats
  A giant gecko skeleton (D:9)
  6 giant newts
  10 goblins
  2 goblin zombies
  8 hobgoblin zombies (Ossuary)
  6 jackal zombies
  5 kobolds
  11 kobold zombies (Ossuary)
  10 orc zombies (Ossuary)
  A quokka zombie (D:5)
  6 rats
  A rat zombie (Ossuary)
  A plant (D:7)
348 creatures vanquished.

Vanquished Creatures (others)
  A plant (D:7)
1 creature vanquished.

Grand Total: 349 creatures vanquished

Notes
Turn   | Place    | Note
--------------------------------------------------------------
     0 | D:1      | Mungo the Naga Venom Mage began the quest for the Orb.
     0 | D:1      | Reached XP level 1. HP: 15/15 MP: 3/3
    86 | D:1      | Found a sparkling altar of Nemelex Xobeh.
   128 | D:1      | Reached skill level 4 in Stealth
   193 | D:1      | Reached XP level 2. HP: 22/22 MP: 5/5
   839 | D:1      | Reached skill level 5 in Stealth
   856 | D:1      | Learned a level 2 spell: Cure Poison
   942 | D:1      | Reached XP level 3. HP: 28/28 MP: 4/6
  1485 | D:2      | Reached XP level 4. HP: 20/36 MP: 0/7
  1491 | D:2      | Reached skill level 6 in Stealth
  1726 | D:2      | Learned a level 3 spell: Mephitic Cloud
  1984 | D:3      | Found a radiant altar of Vehumet.
  1993 | D:3      | Became a worshipper of Vehumet
  2087 | D:3      | Found an oddly glowing altar of Pakellas.
  2087 | D:3      | Noticed a brown ugly thing
  2114 | D:3      | Reached skill level 7 in Stealth
  2114 | D:3      | Reached XP level 5. HP: 41/42 MP: 4/8
  2348 | D:3      | Found a shadowy altar of Dithmenos.
  3030 | D:2      | Reached skill level 8 in Stealth
  3237 | D:3      | Reached * piety under Vehumet
  3237 | D:3      | Offered knowledge of Magic Dart by Vehumet.
  3256 | D:2      | Learned a level 1 spell: Magic Dart
  3451 | D:4      | Reached XP level 6. HP: 49/49 MP: 9/9
  3509 | D:4      | Found a staircase to the Ecumenical Temple.
  3825 | D:4      | Noticed a phantom
  3982 | D:4      | Killed a phantom
  3982 | D:4      | Reached skill level 9 in Stealth
  4230 | D:4      | Noticed Natasha
  4240 | D:4      | Killed Natasha
  4240 | D:4      | Reached XP level 7. HP: 45/55 MP: 7/11
  4446 | D:4      | Got a transparent scale mail
  4457 | D:4      | Identified the +11 scale mail of Sif Muna's Castigation {Str+2 Dex+4} (You found it on level 4 of the Dungeon)
  4491 | D:4      | Reached skill level 10 in Stealth
  4543 | D:4      | Reached skill level 1 in Armour
  4906 | Temple   | Entered the Ecumenical Temple
  5140 | D:5      | Entered Level 5 of the Dungeon
  5404 | D:5      | Offered knowledge of Searing Ray by Vehumet.
  5409 | D:5      | Reached skill level 11 in Stealth
  5424 | D:5      | Found a sand-covered staircase.
  5438 | D:5      | Reached ** piety under Vehumet
  5438 | D:5      | Reached XP level 8. HP: 62/62 MP: 1/12
  5444 | Ossuary  | Entered an ossuary
  5748 | Ossuary  | Reached skill level 1 in Maces & Flails
  5752 | Ossuary  | Offered knowledge of Conjure Flame by Vehumet.
  5765 | Ossuary  | Reached *** piety under Vehumet
  5784 | Ossuary  | Learned a level 3 spell: Conjure Flame
  6155 | D:5      | Reached skill level 1 in Fighting
  6301 | D:5      | Offered knowledge of Dazzling Spray by Vehumet.
  6306 | D:5      | Learned a level 3 spell: Dazzling Spray
  6437 | D:6      | Reached skill level 1 in Conjurations
  6628 | D:6      | Found a shimmering altar of Xom.
  6696 | D:6      | Reached skill level 12 in Stealth
  6832 | D:6      | Reached XP level 9. HP: 73/73 MP: 13/13
  7231 | D:6      | Reached skill level 13 in Stealth
  7369 | D:7      | Reached **** piety under Vehumet
  7411 | D:7      | Reached skill level 5 in Armour
  7513 | D:7      | Offered knowledge of Throw Icicle by Vehumet.
  7655 | D:7      | Got an uncursed fine rapier {pierce}
  7656 | D:7      | Identified the +3 rapier "Demon's Bane" {pierce, rN+} (You took it off a centaur on level 7 of the Dungeon)
  8002 | D:7      | Found a shattered altar of Ashenzari.
  8255 | D:8      | Noticed a hill giant
  8456 | D:8      | Reached XP level 10. HP: 61/80 MP: 2/17
  8531 | D:8      | Reached ***** piety under Vehumet
  8660 | D:8      | Learned a level 4 spell: Olgreb's Toxic Radiance
  8937 | D:8      | Killed a hill giant
  8937 | D:8      | Reached skill level 5 in Spellcasting
  9037 | D:8      | Offered knowledge of Lightning Bolt by Vehumet.
  9260 | D:8      | Found a burning altar of Makhleb.
  9261 | D:8      | Found a bloodstained altar of Trog.
  9442 | D:9      | Found a basalt altar of Yredelemnul.
  9502 | D:9      | Got a jewelled mottled dragon armour
  9513 | D:9      | Identified the +2 mottled dragon armour of the Fiend {rF- rCorr Str+3 Stlth+} (You found it on level 9 of the Dungeon)
 10121 | D:9      | Found an opulent altar of Gozag.
 10122 | D:9      | Found a sparkling altar of Nemelex Xobeh.
 10213 | D:10     | Entered Level 10 of the Dungeon
 10254 | D:10     | Reached skill level 14 in Stealth
 10276 | D:10     | Noticed a hill giant
 10313 | D:10     | Killed a hill giant
 10343 | D:10     | Noticed Erolcha
 10386 | D:10     | Reached skill level 5 in Conjurations
 10821 | D:10     | Reached XP level 11. HP: 55/86 MP: 4/20
 10886 | D:10     | Learned a level 5 spell: Lightning Bolt
 10990 | D:10     | Killed Erolcha
 11158 | D:10     | Found a staircase to the Orcish Mines.
 11346 | D:10     | Found a staircase to the Lair.
 11553 | Lair:1   | Entered Level 1 of the Lair of Beasts
 11614 | Lair:1   | Noticed Joseph
 11622 | Lair:1   | Killed Joseph
 12309 | Lair:1   | Got a pitted long sword
 12310 | Lair:1   | Identified the +3 long sword of Blind Justice {slice, rPois Int+3} (You found it on level 1 of the Lair of Beasts)
 12503 | Lair:1   | Offered knowledge of Spellforged Servitor by Vehumet.
 12514 | Lair:1   | HP: 2/86 [spiny frog (5)]
 12515 | Lair:1   | Slain by a spiny frog

Skill      XL: |  1  2  3  4  5  6  7  8  9 10 11 |
---------------+----------------------------------+-----
Stealth        | 4 5 7 8 9 11 12 13 14 | 14.7
Poison Magic   | 6 7 |  7.0
Spellcasting   | 3 4 6 |  6.0
Armour         | 2 4 5 6 |  6.0
Maces & Flails | 2 3 4 |  4.0
Fighting       | 2 |  2.0
Conjurations   | 1 5 8 |  8.6
Dodging        | 3 4 |  4.0

Action                   |  1- 3 |  4- 6 |  7- 9 | 10-12 || total
-------------------------+-------+-------+-------+-------++-------
Melee: Unarmed           |     5 |       |       |       ||     5
       Dagger            |    24 |    95 |    92 |    29 ||   240
       Spear             |       |    12 |       |       ||    12
       Short sword       |       |       |    29 |       ||    29
       Whip              |       |       |   358 |   230 ||   588
       Mace              |       |       |   115 |       ||   115
       Flail             |       |       |     8 |    28 ||    36
       Trident           |       |       |       |    64 ||    64
       Long sword        |       |       |       |     4 ||     4
       Hand axe          |       |       |       |     4 ||     4
       Rapier            |       |       |       |     2 ||     2
 Fire: Blowgun           |       |       |    25 |    78 ||   103
Throw: Tomahawk          |       |       |       |     1 ||     1
 Cast: Sting             |    34 |    70 |   110 |   113 ||   327
       Mephitic Cloud    |       |    10 |    31 |    42 ||    83
       Magic Dart        |       |       |     4 |     3 ||     7
       Dazzling Spray    |       |       |     1 |     8 ||     9
       Olgreb's Toxic Ra |       |       |       |    10 ||    10
       Conjure Flame     |       |       |       |     3 ||     3
       Cure Poison       |       |       |       |     3 ||     3
 Abil: Spit Poison       |    24 |    28 |    34 |    23 ||   109
       Evoke Flight      |       |       |       |     1 ||     1
Evoke: Deck              |       |       |       |     1 ||     1
  Use: Scroll            |     2 |     5 |     5 |     4 ||    16
       Potion            |       |     4 |     1 |     4 ||     9
 Stab: Sleeping          |     2 |    12 |    19 |    12 ||    45
       Confused          |       |    10 |     7 |    16 ||    33
  Eat: Chunk             |     3 |    11 |    17 |    10 ||    41
       Pizza             |       |       |     1 |       ||     1
       Beef jerky        |       |       |       |     3 ||     3
       Meat ration       |       |       |       |     2 ||     2
       Royal jelly       |       |       |       |     1 ||     1
       Fruit             |       |       |       |     2 ||     2
Armor: Robe              |    21 |    31 |       |       ||    52
       Scale mail        |       |       |   443 |    63 ||   506
       Mottled dragon ar |       |       |       |   160 ||   160
Dodge: Dodged            |    55 |    80 |   248 |   177 ||   560
